 Dungeon Crawl Stone Soup version 0.30.1-3-gfc49f6343a (webtiles) character file.

Game seed: 3326984703398348696

1712 jtron the Caller (level 9, -2/52 HPs)
             Began as a Tengu Summoner on July 27, 2023.
             Slain by Duvessa
             ... wielding a +0 rapier
              (14 damage)
             ... on level 6 of the Dungeon.
             The game lasted 00:18:31 (4016 turns).

jtron the Caller (Tengu Summoner)                   Turns: 4016, Time: 00:18:32

Health: -2/52      AC:  9    Str:  9    XL:     9   Next: 4%
Magic:  14/19      EV: 17    Int: 17    God:
Gold:   248        SH:  0    Dex: 21    Spells: 14/20 levels left

rFire   . . .        a - +10 dagger of the Sugar Beet {vamp, rC+ Dex+4}
rCold   + . .        (no shield)
rNeg    . . .        j - +2 robe
rPois   .            (helmet restricted)
rElec   .            D - +0 cloak
rCorr   .            (no gloves)
SInv    .            (boots unavailable)
Will    .....        E - amulet of the acrobat
Stlth   +++          d - ring of wizardry
HPRegen 0.28/turn    e - +4 ring of protection
MPRegen 0.16/turn

%: acrobat, wizardry (x1)
@: wereblooded, flying quickly and evasively, hasted, very quick
A: beak, talons 3, nimble flight
a: no special abilities


You were on level 6 of the Dungeon.
You visited 1 branch of the dungeon, and saw 6 of its levels.

You collected 258 gold pieces.
You spent 10 gold pieces at shops.

Inventory:

Hand Weapons
 a - the +10 dagger of the Sugar Beet (weapon) {vamp, rC+ Dex+4}
   (You found it on level 3 of the Dungeon)

   Dex:       It affects your dexterity (+4).
   rC:        It protects you from cold.
 g - a +0 spear of protection
 r - a +1 dagger of flaming
 G - a +2 long sword of holy wrath
Missiles
 c - 5 poisoned darts (quivered)
 h - 42 stones
 z - 6 atropa-tipped darts
Armour
 j - a +2 robe (worn)
 t - the +4 chain mail "Suit" {Int+5}
   (You found it on level 4 of the Dungeon)

   Int:       It affects your intelligence (+5).
 D - a +0 cloak (worn)
Jewellery
 d - a ring of wizardry (left hand)
 e - a +4 ring of protection (right hand)
 m - a +6 ring of intelligence
 E - an amulet of the acrobat (around neck)
Wands
 f - a wand of flame (16)
Scrolls
 o - 2 scrolls of magic mapping
 q - 2 scrolls of amnesia
 u - 2 scrolls of teleportation
 w - a scroll of silence
 x - a scroll of acquirement {unknown}
 y - 2 scrolls of fog {unknown}
 C - a scroll of immolation {unknown}
Potions
 b - a potion of magic
 k - a potion of brilliance
 l - 4 potions of lignification
 n - a potion of might {unknown}
 p - a potion of ambrosia
 s - a potion of curing
 v - a potion of heal wounds {unknown}
 B - a potion of invisibility {unknown}


   Skills:
 + Level 3.7 Fighting
 + Level 3.3 Short Blades
 + Level 0.3 Polearms
 + Level 0.1 Throwing
 + Level 4.1 Dodging
 + Level 3.2 Stealth
 + Level 6.0 Spellcasting
 + Level 7.8 Summonings
 + Level 2.9 Transmutations
 + Level 1.0 Evocations


You had 14 spell levels left.
You knew the following spells:

 Your Spells              Type           Power      Damage    Failure   Level
a - Summon Small Mammal   Summ           100%       N/A       1%          1
b - Call Canine Familiar  Summ           31%        N/A       1%          3
c - Wereblood             Tmut           15%        N/A       2%          2

Your spell library contained the following spells:

 Spells                   Type           Power      Damage    Failure   Level
 Beastly Appendage        Tmut           30%        N/A       1%          1
 Call Imp                 Summ           62%        N/A       1%          2
 Summon Guardian Golem    Hex/Summ       18%        N/A       3%          3
 Passwall                 Tmut/Erth      8%         N/A       4%          2
 Ensorcelled Hibernation  Hex/Ice        10%        N/A       8%          2
 Sublimation of Blood     Necr           5%         N/A       8%          2
 Spider Form              Tmut/Pois      10%        N/A       9%          3
 Summon Lightning Spire   Summ/Air       18%        N/A       11%         4
 Swiftness                Air            5%         N/A       16%         3
 Summon Hydra             Summ           15%        N/A       85%         7


Dungeon Overview and Level Annotations

Branches:
Dungeon (6/15)
 Temple: D:4-7

Altars:
Nemelex Xobeh

Shops:
D:1 *   D:2 *[[

Annotations:
D:6 Blork the orc, Duvessa


Innate Abilities, Weirdness & Mutations

You have a beak for a mouth.
You have claws for feet.
Your magical nature lets you fly swiftly and evasively.


Message History

Your quokka dies!
Your quokka's corpse disappears in a puff of smoke!
You drop a potion of flight.
Your quokka barely misses Blork the orc.
Blork the orc hits your quokka with a +0 long sword.
Your quokka dies!
Your quokka's corpse disappears in a puff of smoke!
Your hound bites Blork the orc.
Casting: Summon Small Mammal (safe; 1% risk of failure)
Confirm with . or Enter, or press ? or * to list all spells.
Duvessa hits you with a +0 rapier.
* * * LOW HITPOINT WARNING * * *
Your hound bites Blork the orc but does no damage.
Blork the orc frowns.
Your hound bites Blork the orc.
Casting: Summon Small Mammal (safe; 1% risk of failure)
Confirm with . or Enter, or press ? or * to list all spells.
Your bat barely misses Duvessa.
Duvessa completely misses you.
Blork the orc hits you with a +0 long sword.
* * * LOW HITPOINT WARNING * * *
Your hound disappears in a puff of smoke!
Your bat hits Duvessa but does no damage.
Duvessa completely misses you.
Your bat barely misses Duvessa.
Blork the orc looks braver for a moment.
Aiming: Throw Flame
Press: ? - help, Shift-Dir - straight line, f - Blork the orc
Aim: Blork the orc, wielding a +0 long sword and wearing a +0 robe (heavily wounded, fast, 72% to hit)
Really fire in your bat's direction?
Okay, then.
Throw: 6 darts (poison)
Press: ? - help, Q - select action, (/) - cycle Shift-Dir - straight line, p - Blork the orc You throw a poisoned dart.
The poisoned dart hits Duvessa.
Duvessa is poisoned.
Duvessa is heavily wounded.
Your bat hits Duvessa but does no damage.
You puncture Duvessa! You punch Duvessa.
Duvessa is severely wounded.
Your bat hits Duvessa but does no damage.
Duvessa hits you with a +0 rapier!
You die...

#..........#....#.....)......
#..........#....#............
#..........#....#.....ee..>..
#...##...###.####.).##..#####
#...##...###.####...# ..#
#.........#.....h!..# ....
#.........#....ob...# ....o
#...##...###+##e##..# #+####
#...# ...# #@##### #...#
.........# #...# ........#
#...# ###.##### #...# # #...#
#..†# #...# #...#


You could see Duvessa (berserk, fast, poisoned, ally target), Blork the orc
(fast), a friendly hound (summoned) and a friendly bat (summoned).

Vanquished Creatures
  Pikel (D:5)
  Prince Ribbit (D:5)
  Eustachio (D:5)
  Edmund (D:6)
  A water moccasin (D:4)
  An ice beast (D:5)
  An ogre (D:6)
  2 phantoms (D:5)
  A scorpion (D:6)
  Dowan (D:6)
  4 hounds
  An iguana (D:5)
  4 adders
  A shadow imp (D:5)
  An ufetubus (D:5)
  3 dart slugs
  3 orcs (D:4)
  3 endoplasms (D:2)
  2 giant cockroaches (D:1)
  2 goblins
  2 hobgoblins
  A jackal (D:1)
  A kobold (D:4)
  2 ball pythons (D:2)
  5 bats
  4 rats
50 creatures vanquished.

Vanquished Creatures (collateral kills)
  2 hounds
  A worm (D:2)
  2 orcs (D:4)
  2 ball pythons
  A bat (D:2)
  2 goblins
  A hobgoblin (D:2)
  3 jackals (D:1)
  A kobold (D:1)
15 creatures vanquished.

Grand Total: 65 creatures vanquished

Notes
Turn   | Place    | Note
-------+----------+-------------------------------------------
     0 | D:1      | jtron the Tengu Summoner began the quest for the Orb.
     0 | D:1      | Reached XP level 1. HP: 10/10 MP: 4/4
    72 | D:1      | Found Puidghoyr's General Store.
   236 | D:1      | Reached skill level 5 in Summonings
   239 | D:1      | Reached XP level 2. HP: 16/16 MP: 3/6
   438 | D:1      | Found a faded altar of an unknown god.
   893 | D:2      | Found Amedareh's General Store.
   916 | D:2      | Bought a potion of degeneration for 10 gold pieces
   921 | D:2      | Reached XP level 3. HP: 20/20 MP: 5/7
  1029 | D:2      | Found Bowaduf's Antique Armour Boutique.
  1058 | D:2      | Found Hoeg's Armour Boutique.
  1429 | D:3      | Learned a level 3 spell: Call Canine Familiar
  1432 | D:3      | Learned a level 2 spell: Wereblood
  1649 | D:3      | Reached skill level 1 in Short Blades
  1748 | D:3      | Identified the +10 dagger of the Sugar Beet {vamp, rC+
                  | Dex+4}
  2154 | D:3      | Reached skill level 1 in Fighting
  2303 | D:4      | Noticed a water moccasin
  2319 | D:4      | Killed a water moccasin
  2320 | D:4      | Reached XP level 4. HP: 26/26 MP: 0/9
  2320 | D:4      | Gained mutation: Your magical nature lets you fly swiftly
                  | and evasively. [Tengu growth]
  2320 | D:4      | Reached XP level 5. HP: 30/30 MP: 0/10
  2470 | D:4      | Found a sparkling altar of Nemelex Xobeh.
  2475 | D:4      | Reached skill level 1 in Transmutations
  2482 | D:4      | Identified the +4 chain mail "Suit" {Int+5}
  2869 | D:5      | Entered Level 5 of the Dungeon
  2918 | D:5      | Noticed a phantom
  2966 | D:5      | Noticed a phantom
  2975 | D:5      | Killed a phantom
  2976 | D:5      | Reached XP level 6. HP: 29/35 MP: 6/12
  3041 | D:5      | Noticed Pikel
  3043 | D:5      | Noticed an ice beast
  3045 | D:5      | Killed Pikel
  3046 | D:5      | Reached skill level 6 in Summonings
  3046 | D:5      | Reached XP level 7. HP: 41/41 MP: 12/14
  3049 | D:5      | Noticed Eustachio
  3078 | D:5      | Killed Eustachio
  3079 | D:5      | Reached skill level 7 in Summonings
  3079 | D:5      | Reached XP level 8. HP: 46/46 MP: 8/16
  3238 | D:5      | Reached skill level 5 in Spellcasting
  3471 | D:5      | Noticed Prince Ribbit
  3503 | D:5      | Killed Prince Ribbit
  3709 | D:6      | Noticed Edmund
  3756 | D:6      | Killed Edmund
  3908 | D:6      | Reached XP level 9. HP: 52/52 MP: 11/18
  3981 | D:6      | Noticed Duvessa
  3982 | D:6      | Noticed Dowan
  3982 | D:6      | Noticed Blork the orc
  4004 | D:6      | Killed Dowan
  4005 | D:6      | Reached skill level 1 in Evocations
  4016 | D:6      | Slain by Duvessa

Illustrated notes

Levels and vault maps discovered:
D:1:      roderic_octagonal_star, layout_loops_ring, serial_shops, shop,
          dreamdust_ecumenical_altar_statues
D:2:      layout_rooms, serial_shops, shop, shop, shop
D:3:      layout_basic, serial_bayou_pond_c
D:4:      layout_basic, nemelex_xobeh_ov_fountains_minmay,
          wad_floor_pattern_untrapped, palyth_stone_intersect
D:5:      layout_rooms, uniq_pikel, uniq_prince_ribbit1, uniq_eustachio
D:6:      layout_gridville, temple_fountains, uniq_edmund, uniq_duvessa,
          uniq_blork_the_orc

Skill      XL: |  1  2  3  4  5  6  7  8  9 |
---------------+----------------------------+-----
Summonings     | 5 6 7 |  7.8
Short Blades   | 1 2 3 |  3.3
Fighting       | 1 2 3 |  3.7
Spellcasting   | 3 4 5 6 |  6.0
Transmutations | 1 2 |  2.9
Dodging        | 3 4 |  4.1
Stealth        | 3 |  3.2
Evocations     | 1 |  1.0
Polearms       | |  0.3
Throwing       | |  0.1

Action                     |  1- 3 |  4- 6 |  7- 9 || total
---------------------------+-------+-------+-------++-------
  Melee: Unarmed           |     7 |       |       ||     7
         Kick              |    11 |     4 |    10 ||    25
         Peck              |     7 |     1 |    12 ||    20
         Spear             |    12 |       |       ||    12
         Dagger            |    42 |    18 |    64 ||   124
         Punch             |     1 |       |     2 ||     3
  Throw: Dart              |       |       |     4 ||     4
   Cast: Summon Small Mamm |    26 |     9 |    12 ||    47
         Call Canine Famil |     4 |     6 |    11 ||    21
         Wereblood         |       |       |     6 ||     6
  Evoke: Wand              |       |     2 |     5 ||     7
    Use: Scroll            |     9 |     1 |     1 ||    11
         Potion            |       |       |     6 ||     6
   Stab: Sleeping          |     6 |       |       ||     6
         Distracted        |     1 |       |       ||     1
 Armour: Robe              |    18 |     6 |    20 ||    44
  Dodge: Dodged            |    30 |    10 |    65 ||   105
